 Dungeon Crawl Stone Soup version 0.21.1-1-g345015f (webtiles) character file.

23 tidbits the Grave Robber (level 2, -1/20 HPs)
             Began as a Gnoll Necromancer on June 29, 2018.
             Slain by a worker ant (3 damage)
             ... on level 4 of the Dungeon.
             The game lasted 00:03:14 (296 turns).

tidbits the Grave Robber (Gnoll Necromancer)         Turns: 296, Time: 00:03:14

Health: -1/20      AC:  2    Str: 10    XL:     2   Next: 95%
Magic:  15/16      EV: 14    Int: 17    God:
Gold:   47         SH:  0    Dex: 15    Spells: 8/10 levels left

rFire    . . .     SeeInvis .   a - +0 rapier
rCold    . . .     Gourm    .   (no shield)
rNeg     . . .     Faith    .   k - +0 robe
rPois    .         Spirit   .   (no helmet)
rElec    .         Reflect  .   (no cloak)
rCorr    .         Harm     .   (no gloves)
MR       +....                  (no boots)
Stlth    +++.......             (no amulet)
HPRegen  0.06/turn              d - ring of magical power
MPRegen  0.15/turn              g - ring of protection from magic

@: no status effects
A: distributed training, fangs 1, strong nose
a: no special abilities


You were on level 4 of the Dungeon.
You were not hungry.

You visited 1 branch of the dungeon, and saw 3 of its levels.

You collected 47 gold pieces.

Inventory:

Hand Weapons
 a - a +0 rapier (weapon)
 f - a +0 club
Armour
 e - a +0 buckler
 k - a +0 robe (worn)
Jewellery
 d - a ring of magical power (left hand)
   (You found it on level 1 of the Dungeon)
 g - a ring of protection from magic (right hand)
   (You found it on level 2 of the Dungeon)
Scrolls
 h - a scroll of remove curse {unknown}
 j - a scroll of identify {unknown}
Potions
 i - a potion of heal wounds {unknown}
Books
 b - a book of Necromancy

   Spells                             Type                      Level
   a - Pain                           Necromancy                   1
   b - Animate Skeleton               Necromancy                   1
   c - Vampiric Draining              Necromancy                   3
   d - Regeneration                   Charms/Necromancy            3
   e - Animate Dead                   Necromancy                   4
   f - Borgnjor's Vile Clutch         Necromancy/Earth             5
Comestibles
 c - 2 rations


   Skills:
 + Level 0.5 Fighting
 + Level 0.5 Short Blades
 + Level 0.5 Long Blades
 + Level 0.5 Axes
 + Level 0.5 Maces & Flails
 + Level 0.5 Polearms
 + Level 0.5 Staves
 + Level 0.5 Slings
 + Level 0.5 Bows
 + Level 0.5 Crossbows
 + Level 0.5 Throwing
 + Level 0.5 Armour
 + Level 4.5 Dodging
 + Level 4.1 Stealth
 + Level 0.5 Shields
 + Level 0.5 Unarmed Combat
 + Level 4.9 Spellcasting
 + Level 0.4 Conjurations
 + Level 0.4 Hexes
 + Level 0.4 Charms
 + Level 0.4 Summonings
 + Level 7.0 Necromancy
 + Level 0.4 Translocations
 + Level 0.4 Transmutations
 + Level 0.4 Fire Magic
 + Level 0.4 Ice Magic
 + Level 0.4 Air Magic
 + Level 0.4 Earth Magic
 + Level 0.4 Poison Magic
 + Level 0.7 Invocations
 + Level 0.5 Evocations


You had 8 spell levels left.
You knew the following spells:

 Your Spells              Type           Power        Failure   Level  Hunger
a - Pain                  Necr           ####         1%          1    None
n - Animate Skeleton      Necr           N/A          1%          1    None


Dungeon Overview and Level Annotations

Branches:
Dungeon (2/15)

Altars:


Innate Abilities, Weirdness & Mutations

Your experience applies equally to all skills.
You have very sharp teeth.
Your uncanny sense of smell can sniff out nearby items.


Message History

k - a +0 rapier (weapon)
Adjust to which letter? (? for menu, Esc to quit)
a - a +0 rapier (weapon);
k - a +0 robe (worn)
You enter the shallow water.
Moving in this stuff is going to be slow.
Unknown command.
You enter the shallow water.
Moving in this stuff is going to be slow.
A giant cockroach comes into view.
Unknown command.
Casting: Pain
Confirm with . or Enter, or press ? or * to list all spells.
Aiming: Pain
Press: ? - help, Shift-Dir - straight line, f - giant cockroach
Aim: a giant cockroach (chance to defeat MR: 93%)
The giant cockroach writhes in agony!
You kill the giant cockroach!
You see here a giant cockroach corpse.
Found 7 stones.
Unknown command.
You enter the shallow water.
Moving in this stuff is going to be slow.
The kobold shouts!
You hear a shout! x4
Unknown command.
An ooze and a skeleton come into view.
The ooze quivers.
The ooze moves out of view.
Found a leather armour.
Wield which item (- for none, * to show all)? (? for menu, Esc to quit)
Okay, then.
Okay, then.
Casting: Pain
Confirm with . or Enter, or press ? or * to list all spells.
Aiming: Pain
Press: ? - help, Shift-Dir - straight line, f - ooze
Aim: an ooze (chance to defeat MR: 84%)
The ooze writhes in agony!
Casting: Pain
Confirm with . or Enter, or press ? or * to list all spells.
Aiming: Pain
Press: ? - help, Shift-Dir - straight line, f/p - ooze
Aim: an ooze (moderately wounded, chance to defeat MR: 84%)
The ooze barely resists.
The ooze hits you.
* * * LOW HITPOINT WARNING * * *
Casting: Pain
Confirm with . or Enter, or press ? or * to list all spells.
Aiming: Pain
Press: ? - help, Shift-Dir - straight line, f/p - ooze
Aim: an ooze (moderately wounded, chance to defeat MR: 84%)
The ooze writhes in agony!
The ooze misses you.
Casting: Pain
Confirm with . or Enter, or press ? or * to list all spells.
Aiming: Pain
Press: ? - help, Shift-Dir - straight line, f/p - ooze
Aim: an ooze (heavily wounded, chance to defeat MR: 84%)
The ooze writhes in agony!
You kill the ooze!
You enter the shallow water.
Moving in this stuff is going to be slow.
The kobold shouts!
A kobold comes into view. It is wielding a club.
The kobold moves out of view.
Unknown command.
Casting: Pain
Confirm with . or Enter, or press ? or * to list all spells.
You can't see any susceptible monsters within range! (Use Z to cast anyway.)
Casting: Pain
Confirm with . or Enter, or press ? or * to list all spells.
Aiming: Pain
Press: ? - help, Shift-Dir - straight line, f - kobold
Aim: a kobold, wielding a club (hasn't noticed you, chance to defeat MR: 93%)
The kobold shouts!
The kobold writhes in agony!
You kill the kobold!
Things that are here:
a club; a kobold corpse
Found a stone staircase leading down.
Found a stone staircase leading up.
A worker ant comes into view.
Found 5 gold pieces.
The worker ant twitches its antennae in your direction.
The worker ant bites you but does no damage.
Unknown command.
You puncture the worker ant!
The worker ant is heavily wounded.
The worker ant bites you but does no damage.
The worker ant closely misses you.
Casting: Pain
Confirm with . or Enter, or press ? or * to list all spells.
You don't know that spell.
You closely miss the worker ant.
The worker ant is heavily wounded.
The worker ant closely misses you.
Casting: Pain
Confirm with . or Enter, or press ? or * to list all spells.
Aiming: Pain
Press: ? - help, Shift-Dir - straight line, f - worker ant
Aim: a worker ant (heavily wounded, chance to defeat MR: 89%)
The worker ant writhes in agony!
The worker ant bites you.
You die...

#. .# #. .#### #.
##.... #.#. ....###
#.#. ......$
##.#.#.....#
###>..a......#
....#.@..<..#.
#..##........
#..#.........
#......####≈≈ #
#.####..## ≈
#.##.#####..####
#..............####
####..#.#..........
### #..#.#...###...
###≈≈


You could see a worker ant.

Vanquished Creatures
  An ooze (D:4)
  4 bats
  A giant cockroach (D:4)
  A hobgoblin (D:2)
  2 jackals (D:1)
  A ball python (D:1)
  A frilled lizard (D:1)
  3 goblins
  A kobold (D:4)
15 creatures vanquished.

Vanquished Creatures (collateral kills)
  A dart slug (D:1)
1 creature vanquished.

Vanquished Creatures (others)
  A worm (D:2)
  A goblin (D:2)
  A hobgoblin (D:2)
3 creatures vanquished.

Grand Total: 19 creatures vanquished

Notes
Turn   | Place    | Note
-------+----------+-------------------------------------------
     0 | D:1      | tidbits the Gnoll Necromancer began the quest for the Orb.
     0 | D:1      | Reached XP level 1. HP: 13/13 MP: 6/6
    68 | D:1      | Reached XP level 2. HP: 8/19 MP: 2/7
    71 | D:1      | Learned a level 1 spell: Animate Skeleton
   212 | D:2      | You fall through a shaft for 2 floors!
   255 | D:4      | HP: 1/20 [ooze (4)]
   296 | D:4      | Slain by a worker ant

Action                   || total
-------------------------++-------
Melee: Unarmed           ||     3
       Rapier            ||     2
 Cast: Pain              ||    28
       Animate Skeleton  ||     1
 Stab: Distracted        ||     1
Armor: Robe              ||     4
Dodge: Dodged            ||    14

Table legend:
 A = Turns spent in this place as a percentage of turns spent in the entire game.
 B = Non-inter-level travel turns spent in this place as a percentage of non-inter-level travel turns spent in the entire game.
 C = Inter-level travel turns spent in this place as a percentage of turns spent in this place.
 D = Turns resting spent in this place as a percentage of non-inter-level travel turns spent in this place.
 E = Turns spent auto-exploring this place as a percentage of non-inter-level travel turns spent in this place.
 F = Non-inter-level travel turns spent in this place divided by the number of levels of this place that you've seen.
                   A       B       C       D       E      F
               +-------+-------+-------+-------+-------+----------------------
         Total | 100.0 | 100.0 |   5.4 |   0.0 |   0.0 |  93.3
       Dungeon | 100.0 | 100.0 |   5.4 |   0.0 |   0.0 |  93.3
               +-------+-------+-------+-------+-------+----------------------

Table legend:
 A = Kills in this place as a percentage of kills in entire the game.
 B = Kills by you in this place as a percentage of kills by you in the entire game.
 C = Kills by friends in this place as a percentage of kills by friends in the entire game.
 D = Other kills in this place as a percentage of other kills in the entire game.
 E = Experience gained in this place as a percentage of experience gained in the entire game.
 F = Experience gained in this place divided by the number of levels of this place that you have seen.
                   A       B       C       D       E      F
               +-------+-------+-------+-------+-------+----------------------
         Total | 100.0 | 100.0 | 100.0 |   N/A | 100.0 |  11.0
       Dungeon | 100.0 | 100.0 | 100.0 |   N/A | 100.0 |  11.0
               +-------+-------+-------+-------+-------+----------------------

Vault maps used:
D:1:      saegor_arrival_simple_d, hangedman_decor_points, minmay_liquid_box,
          grunt_decor_arrowhead
D:2:      kennysheep_the_goblin_king, tgw_trog, first_ration,
          lemuel_flame_loot_1, uniq_terence, uniq_sigmund
D:4:      cheibrodos_thug_alley, minmay_temple_entry_junction,
          serial_bayou_ford_a
